 Dungeon Crawl Stone Soup version 0.29.0-4-gdea44cf6ec (webtiles) character file.

Game seed: 17457036281430053766

980 xian the Shooter (level 7, -14/36 HPs)
             Began as a Spriggan Hunter on Aug 28, 2022.
             Was an Initiate of Fedhas.
             Shot with an arrow by a centaur (18 damage)
             ... on level 6 of the Dungeon.
             The game lasted 00:09:27 (6471 turns).

xian the Shooter (Spriggan Hunter)                  Turns: 6471, Time: 00:09:28

Health: -14/36     AC:  3    Str:  9    XL:     7   Next: 96%
Magic:  14/14      EV: 18    Int: 10    God:    Fedhas [......]
Gold:   279        SH:  0    Dex: 19    Spells: 14/14 levels left

rFire   . . .      SeeInvis +   a - +1 shortbow
rCold   . . .      Faith    .   (shield currently unavailable)
rNeg    . . .      Spirit   .   c - +0 robe
rPois   +          Reflect  .   (helmet restricted)
rElec   .          Harm     .   w - +0 cloak
rCorr   .          Rampage  .   (gloves unavailable)
Will    +....                   (boots unavailable)
Stlth   ++........              (no amulet)
HPRegen 0.12/turn               l - ring of poison resistance
MPRegen 0.14/turn               (no ring)

@: very quick
A: very small, no large weapons, unfitting armour, see invisible, speed 3
a: Renounce Religion


You were on level 6 of the Dungeon.
You worshipped Fedhas.
Fedhas was noncommittal.
You visited 2 branches of the dungeon, and saw 7 of its levels.

You collected 305 gold pieces.
You spent 26 gold pieces at shops.

Inventory:

Hand Weapons
 a - a +1 shortbow (weapon)
 n - a +2 short sword of holy wrath
Armour
 c - a +0 robe (worn)
 o - an orb of guile
 w - a +0 cloak (worn)
Jewellery
 h - a ring of protection from cold
 l - a ring of poison resistance (left hand)
Scrolls
 b - a scroll of immolation
 g - 4 scrolls of teleportation
 k - a scroll of butterflies
 p - a scroll of blinking {unknown}
 t - a scroll of enchant armour {unknown}
 u - 2 scrolls of fear {unknown}
Potions
 e - 5 potions of curing
 f - 3 potions of might
 i - 3 potions of brilliance
 j - a potion of haste
 m - 2 potions of heal wounds
 s - 2 potions of flight
 v - a potion of lignification


   Skills:
 + Level 3.0 Fighting
 + Level 7.6 Ranged Weapons
 + Level 3.6 Dodging
 + Level 2.7 Stealth
 * Level 4.0 Spellcasting
 * Level 4.2 Evocations


You had 14 spell levels left.
You didn't know any spells.
Your spell library contained the following spells:

 Spells                   Type           Power      Damage    Failure   Level
 Poisonous Vapours        Pois/Air       4%         N/A       36%         2
 Frozen Ramparts          Ice            4%         1d1       58%         3
 Gell's Gravitas          Tloc           2%         N/A       58%         3
 Teleport Other           Tloc           2%         N/A       58%         3
 Corpse Rot               Necr/Pois/Air  2%         N/A       94%         4
 Ice Form                 Ice/Tmut       2%         N/A       94%         4
 Summon Ice Beast         Ice/Summ       2%         N/A       94%         4
 Fireball                 Conj/Fire      1%         3d3       100%        5
 Dispersal                Tloc           1%         N/A       100%        6
 Starburst                Conj/Fire      1%         6d3       100%        6
 Ignition                 Fire           1%         3d3       100%        8


Dungeon Overview and Level Annotations

Branches:
Dungeon (6/15)             Temple (1/1) D:4

Altars:
Dithmenos
Fedhas
Gozag
Hepliaklqana
Kikubaaqudgha
Makhleb
Nemelex Xobeh
Okawaru
Qazlal
Ru
Vehumet
Xom
Zin
The Shining One

Shops:
D:3 *   D:5 *


Innate Abilities, Weirdness & Mutations

You are very small and have problems with some larger weapons.
You are too small for most types of armour.
You have supernaturally acute eyesight. (SInv)
You cover ground extremely quickly. (Speed+++)


Message History

You climb downwards.
Found 14 gold pieces.
There is a stone staircase leading up here.
A centaur comes into view.
You shoot an arrow. The arrow hits the centaur.
The centaur is lightly wounded.
You hear a shout!
You hear an angry hiss.
The centaur wields a +3 shortbow.
The centaur shoots an arrow.
The arrow hits you!
You shoot an arrow. The arrow hits the centaur!
The centaur is heavily wounded.
An ogre comes into view. It is wielding a +0 giant club.
The centaur shoots an arrow.
The arrow hits you!
You are too injured to fight recklessly!
You are too injured to fight recklessly!
You are too injured to fight recklessly!
You are too injured to fight recklessly!
You are too injured to fight recklessly!
You are too injured to fight recklessly!
You are too injured to fight recklessly!
You are too injured to fight recklessly!
Unknown command.
Fire: a) +1 shortbow
Press: ? - help, Q - select action Shift-Dir - straight line, f/p - centaur
Aim: a centaur, wielding a +3 shortbow (heavily wounded, 76% to hit)
You shoot an arrow. The arrow hits the centaur.
The centaur is heavily wounded.
The centaur shoots an arrow.
The arrow hits you!
* * * LOW HITPOINT WARNING * * *
Fire: a) +1 shortbow
Press: ? - help, Q - select action Shift-Dir - straight line, f/p - centaur
Aim: a centaur, wielding a +3 shortbow (heavily wounded, 76% to hit)
You shoot an arrow. The arrow hits the centaur!
The centaur is almost dead.
You hear an angry hiss.
The centaur shoots an arrow.
The arrow misses you.
The centaur shoots an arrow.
The arrow hits you!!
Ouch! That really hurt!
You die...
Fedhas appreciates your contribution to the ecosystem.

#......## ..
#........ .. .
#.....cO##.#..
#.............
###............
#...........^..
...............
#.....@..$....
###...#..###..
#....# #.#
.....# .# .##..
. ... .. ... ..
... ...


You could see an ogre and a centaur.

Vanquished Creatures
  A shadow (D:5)
  An ice beast (D:5)
  2 phantoms (D:5)
  A scorpion (D:5)
  4 hounds
  2 jellies
  An orc priest (D:4)
  An iguana (D:3)
  Jessica (D:3)
  An orc wizard (D:4)
  3 gnolls (D:3)
  9 adders
  3 ufetubi
  2 worms
  3 dart slugs
  13 orcs
  4 bats
  3 endoplasms
  2 giant cockroaches
  4 goblins
  7 hobgoblins
  5 jackals (D:2)
  3 quokkas
  7 ball pythons
  6 kobolds
  21 rats
110 creatures vanquished.

Vanquished Creatures (others)
  3 plants (D:4)
3 creatures vanquished.

Grand Total: 113 creatures vanquished

Notes
Turn   | Place    | Note
-------+----------+-------------------------------------------
     0 | D:1      | xian the Spriggan Hunter began the quest for the Orb.
     0 | D:1      | Reached XP level 1. HP: 10/10 MP: 2/2
   350 | D:1      | Reached XP level 2. HP: 14/14 MP: 3/3
   870 | D:2      | Reached skill level 1 in Evocations
   976 | D:2      | Reached XP level 3. HP: 17/18 MP: 3/5
  1353 | D:2      | Reached skill level 1 in Spellcasting
  1516 | D:2      | Found a faded altar of an unknown god.
  1593 | D:2      | Reached skill level 5 in Ranged Weapons
  1655 | D:2      | Reached XP level 4. HP: 23/23 MP: 6/6
  2041 | D:3      | Noticed Jessica
  2052 | D:3      | Killed Jessica
  2694 | D:3      | Found Sachefro's General Store.
  2879 | D:3      | Found a large runed translucent door.
  2880 | D:3      | Found a large runed translucent door.
  2887 | D:3      | Found an ancient bone altar of Kikubaaqudgha.
  2892 | D:3      | Reached XP level 5. HP: 26/26 MP: 8/8
  2917 | D:3      | Found a glowing silver altar of Zin.
  3341 | D:3      | Found a glowing golden altar of the Shining One.
  3351 | D:3      | Found an opulent altar of Gozag.
  3615 | D:4      | Reached skill level 6 in Ranged Weapons
  3821 | D:4      | Reached XP level 6. HP: 32/32 MP: 10/10
  3885 | D:4      | Found a sparkling altar of Nemelex Xobeh.
  4010 | D:4      | Found a staircase to the Ecumenical Temple.
  4051 | Temple   | Entered the Ecumenical Temple
  4224 | Temple   | Became a worshipper of Fedhas Madash
  4898 | D:5      | Entered Level 5 of the Dungeon
  5384 | D:5      | Reached XP level 7. HP: 8/35 MP: 10/12
  6093 | D:5      | Found Wehan's General Store.
  6101 | D:5      | Bought a scroll of identify for 26 gold pieces
  6328 | D:5      | Reached skill level 7 in Ranged Weapons
  6440 | D:6      | Noticed a shadow
  6452 | D:5      | Killed a shadow
  6471 | D:6      | Shot with an arrow by a centaur

Illustrated notes

Levels and vault maps discovered:
D:1:      ncdulo_watergridlock, layout_basic
D:2:      layout_loops_cross, basic_ecumenical_altar, minmay_hedge_maze,
          minmay_rat_hole
D:3:      layout_basic, jmf_multi_god_temple2,
          mainiacjoe_overflow_large_starburst, serial_shops,
          nicolae_square_shop, uniq_jessica
D:4:      layout_basic, kennysheep_little_box,
          minmay_temple_entry_gardened_gates
D:5:      minmay_evil_eye, layout_loops_corners, serial_shops,
          nicolae_shop_temple_entry_statues_fountains,
          chequers_serial_rivers_micro_c
D:6:      layout_rooms, old_standard_altar, serial_bayou_ford_a
Temple:   nicolae_temple_hex_pool

Skill      XL: |  1  2  3  4  5  6  7 |
---------------+----------------------+-----
Evocations     | 1 2 3 4 |  4.2
Fighting       | 2 3 |  3.0
Spellcasting   | 1 2 3 4 |  4.0
Ranged Weapons | 5 6 7 |  7.6
Dodging        | 3 |  3.6
Stealth        | 2 |  2.7

Action                   |  1- 3 |  4- 6 |  7- 9 || total
-------------------------+-------+-------+-------++-------
 Fire: Shortbow          |   109 |   210 |    55 ||   374
  Use: Scroll            |       |     5 |     5 ||    10
Armor: Robe              |     4 |     9 |     6 ||    19
Dodge: Dodged            |    44 |   102 |    30 ||   176
